 Dungeon Crawl Stone Soup version 0.21.1-1-g345015f (webtiles) character file.

375 inc the Vexing (level 6, -11/28 HPs)
             Began as a Felid Enchanter on Feb 22, 2018.
             Was a Follower of Ashenzari.
             Mangled by a wight
             ... wielding a +4 morningstar
              (17 damage)
             ... while paralysed by Robin
             ... on level 4 of the Dungeon.
             The game lasted 00:12:11 (5394 turns).

inc the Vexing (Felid Enchanter)                    Turns: 5394, Time: 00:12:14

Health: -11/28     AC:  2    Str:  4    XL:     6   Next: 44%
Magic:  2/10       EV:  4    Int: 19    God:    Ashenzari [*.....]
Gold:   157        SH:  0    Dex: 16    Spells: 0/9 levels left
                                        Lives:  0   Deaths: 1

rFire    x . .     SeeInvis +     - Unarmed
rCold    + . .     Gourm    .   (shield unavailable)
rNeg     . . .     Faith    .   (armour unavailable)
rPois    .         Spirit   .   (helmet unavailable)
rElec    .         Reflect  .   (cloak unavailable)
rCorr    .         Harm     .   (gloves unavailable)
MR       .....                  (boots unavailable)
Stlth    +++.......             (no amulet)
HPRegen  0.09/turn              c - +1 ring of slaying (curse)
MPRegen  0.12/turn              n - ring of ice (curse)

@: paralysed, quick
A: very small, no armour, no weapons or thrown items, stealth, claws 1, fangs 3,
see invisible, carnivore, speed 1, shaggy fur 2, slow metabolism 1, sharp paws
a: Curse Item, Scrying, Renounce Religion


You were on level 4 of the Dungeon.
You worshipped Ashenzari.
Ashenzari was aware of your devotion.
You were full.

You visited 1 branch of the dungeon, and saw 5 of its levels.

You collected 157 gold pieces.

Inventory:

Jewellery
 c - a cursed +1 ring of slaying (left paw)
 n - a cursed ring of ice (right paw)
Wands
 l - a wand of acid (9)
Scrolls
 d - 2 scrolls of remove curse
 f - a scroll of fear {unknown}
 g - 3 scrolls of fog {unknown}
 h - 5 scrolls of identify {unknown}
 j - 2 scrolls of enchant weapon {unknown}
 p - a scroll of immolation {unknown}
Potions
 e - a potion of might {unknown}
 i - a potion of ambrosia {unknown}
 k - 2 potions of curing {unknown}
 m - a potion of invisibility {unknown}
 o - a potion of mutation {unknown}
 q - a potion of heal wounds {unknown}
Books
 a - a book of Maledictions

   Spells                             Type                      Level
   a - Corona                         Hexes                        1
   b - Ensorcelled Hibernation        Hexes/Ice                    2
   c - Confuse                        Hexes                        3
   d - Tukima's Dance                 Hexes                        3
   e - Dazzling Spray                 Conjuration/Hexes            3
Comestibles
 b - 6 rations


   Skills:
 + Level 3.9 Fighting
 - Level 2.6 Dodging
 - Level 4.0 Stealth
 - Level 4.6 Unarmed Combat
 - Level 2.0 Spellcasting
 - Level 6.0 Hexes
 - Level 1.7 Ice Magic


You couldn't memorise any spells.
You knew the following spells:

 Your Spells              Type           Power        Failure   Level  Hunger
a - Corona                Hex            ####...      1%          1    #......
b - Ensorcelled Hibernat  Hex/Ice        ####..       4%          2    ###....
c - Confuse               Hex            ####....     4%          3    ###....
d - Tukima's Dance        Hex            ####....     4%          3    ###....


Dungeon Overview and Level Annotations

Branches:
Dungeon (5/15)
 Temple: D:4-7

Altars:
Ashenzari
Gozag
Nemelex Xobeh
Ru

Annotations:
D:2 2 transporters
D:4 Menkaure, Robin


Innate Abilities, Weirdness & Mutations

You cannot wear armour.
You are incapable of wielding weapons or throwing items.
Your paws allow you to move quietly. (Stealth)
You have sharp claws.
You have razor-sharp teeth.
You have supernaturally acute eyesight. (SInv)
You are carnivorous and can eat meat at any time.
You cover ground quickly.
You are covered in thick fur. (AC +2)
You have a slow metabolism.
Your sharp claws are effective at attacking unaware monsters.


Message History

Robin roars a battlecry!
The goblin shouts!
The goblin goes into a battle-frenzy!
The goblin barely misses you.
Casting: Ensorcelled Hibernation
Confirm with . or Enter, or press ? or * to list all spells.
You don't have enough magic to cast that spell.
Robin throws the goblin at you! The goblin hits you with a dagger.
Robin zaps a wand.
You easily resist.
Robin zaps a wand.
You suddenly lose the ability to move!
Robin zaps a wand.
You easily resist.
The goblin hits you with a dagger. x2
The wight hits you with an enchanted falchion.
The goblin hits you with a dagger. The goblin hits you but does no damage.
The wight hits you with an enchanted falchion.
* * * LOW HITPOINT WARNING * * *
The wight hits you with an enchanted morningstar!
Ouch! That really hurt!
You die...

.# #.##...>..............## .#
#.##......###########..## .#
#.......................#
.#######.......................#
...............................#
########.......................#
######.......................#
#............................#
#.####........@z.............##
#.##.#........gz...............
#....#..........g..............
####.#....)....................
#...........>.............
#....................(....
.........................
...........)............
.......................


You could see 2 wights, Robin and a goblin.

Vanquished Creatures
  The ghost of Sempronis the Skirmisher, an amateur DrCK of Xom (D:3)
  A wight (D:4)
  A hound (D:4)
  An orc priest (D:4)
  A bullfrog skeleton (D:4)
  An iguana (D:4)
  2 orc wizards (D:4)
  A hound skeleton (D:4)
  A howler monkey zombie (D:5)
  A worker ant zombie (D:5)
  6 adders
  3 worms
  4 dart slugs
  5 leopard geckos
  11 orcs
  A ball python (D:1)
  4 giant cockroaches
  10 goblins
  3 hobgoblins
  6 jackals
  2 quokkas
  9 bats
  5 frilled lizards
  9 kobolds
  A leopard gecko skeleton (D:4)
  10 rats
100 creatures vanquished.

Vanquished Creatures (collateral kills)
  An orc (D:4)
1 creature vanquished.

Vanquished Creatures (others)
  A dancing weapon (D:4)
1 creature vanquished.

Grand Total: 102 creatures vanquished

Notes
Turn   | Place    | Note
-------+----------+-------------------------------------------
     0 | D:1      | inc the Felid Enchanter began the quest for the Orb.
     0 | D:1      | Reached XP level 1. HP: 7/7 MP: 4/4
   172 | D:1      | Reached skill level 5 in Hexes
   198 | D:1      | Reached XP level 2. HP: 10/11 MP: 6/6
   205 | D:1      | Learned a level 2 spell: Ensorcelled Hibernation
   805 | D:2      | Found a transporter.
   805 | D:2      | Noticed an ogre
   827 | D:2      | Found a transporter.
   834 | D:2      | Reached XP level 3. HP: 10/14 MP: 7/7
   940 | D:2      | Noticed an ice beast
   997 | D:2      | Found a shattered altar of Ashenzari.
   997 | D:2      | Found a sparkling altar of Nemelex Xobeh.
  1225 | D:2      | Became a worshipper of Ashenzari the Shackled
  1296 | D:2      | Found an opulent altar of Gozag.
  1697 | D:2      | Found a sacrificial altar of Ru.
  1724 | D:2      | Reached XP level 4. HP: 18/18 MP: 8/8
  2522 | D:3      | Learned a level 3 spell: Confuse
  2837 | D:3      | Noticed Sempronis's ghost (amateur DrCK)
  3283 | D:4      | Reached skill level 1 in Ice Magic
  3283 | D:4      | Reached XP level 5. HP: 21/21 MP: 6/9
  3307 | D:4      | Noticed Menkaure
  3309 | D:4      | HP: 1/21 [orc priest/divine providence (11)]
  3711 | D:3      | Reached * piety under Ashenzari
  3822 | D:3      | Killed Sempronis's ghost
  3822 | D:3      | Reached skill level 6 in Hexes
  4001 | D:4      | Killed from afar by an orc priest
  4002 | D:4      | Reached XP level 4. HP: -13/18 MP: 6/8
  4026 | D:4      | Reached XP level 5. HP: 21/21 MP: 4/9
  4187 | D:4      | Reached skill level 1 in Fighting
  4510 | D:4      | Noticed Robin
  4543 | D:5      | Entered Level 5 of the Dungeon
  4597 | D:5      | Gained mutation: You are covered in thick fur. (AC +2) [Felid growth]
  4597 | D:5      | Reached XP level 6. HP: 23/27 MP: 1/10
  5319 | D:4      | Learned a level 3 spell: Tukima's Dance
  5388 | D:4      | Paralysed by Robin for 7 turns
  5394 | D:4      | Mangled by a wight

Skill      XL: |  1  2  3  4  5  6 |
---------------+-------------------+-----
Hexes          | 5 6 |  6.0
Unarmed Combat | 2 3 4 |  4.6
Ice Magic      | 1 |  1.7
Fighting       | 2 3 |  3.9
Dodging        | |  2.6
Stealth        | |  4.0
Spellcasting   | |  2.0

Action                   |  1- 3 |  4- 6 || total
-------------------------+-------+-------++-------
Melee: Unarmed           |   108 |   132 ||   240
       Bite              |    10 |     8 ||    18
 Cast: Corona            |     2 |       ||     2
       Ensorcelled Hiber |     5 |    45 ||    50
       Confuse           |       |     9 ||     9
       Tukima's Dance    |       |     2 ||     2
Invok: Curse Item        |     1 |     1 ||     2
 Stab: Sleeping          |    15 |    42 ||    57
       Confused          |       |    10 ||    10
  Eat: Chunk             |     7 |    15 ||    22
Armor: Skin              |     9 |     3 ||    12
Dodge: Dodged            |    84 |   111 ||   195
